[Event "Chessable English Womens-ch 2022"]
[Site "Kenilwoth"]
[Date "2022.05.19"]
[Round "1.1"]
[White "Catabay, Mae Katelyn Rose"]
[Black "Yao, Lan"]
[Result "0-1"]
[ECO "B48"]
[WhiteElo "1321"]
[BlackElo "2276"]
[Annotator "TA"]
[PlyCount "58"]
[EventDate "2022.05.18"]
[EventType "swiss"]
[EventCountry "ENG"]
[SourceTitle "playchess.com"]
[Source "ChessBase"]
[SourceQuality "1"]
[TimeControl "5400+30"]

1. e4 c5 2. Nf3 e6 3. d4 cxd4 4. Nxd4 Nc6 5. Nc3 Qc7 6. Ndb5 Qb8 7. Be3 a6 8. Nd4 Nf6 9. a3 Qc7 10. Bd3 {[%emt 0:06:44] B48: Sicilian: Taimanov: 5 Nc3 Qc7 6 Be3 a6 without Be2.} Nxd4 11. Bxd4 Bc5 {[%emt 0:00:10] [#]} 12. Bc4 $146 {[%emt 0:05:11][%cal Bd3c4,Bc4b3,Bb3d5][%mdl 32] The position is equal.} ({Predecessor:} 12. Be2 d6 13. Qd2 b5 14. Rd1 Bb7 15. f3 O-O 16. Bxc5 dxc5 17. Qd6 Rfc8 18. Qxc7 Rxc7 19. Kf2 Kf8 20. Ke3 {½-½ (39) Lajthajm,B (2424)-Baglan,E (2336) Paracin 2019}) 12... b5 13. Bb3 d6 {[%emt 0:08:25] Against e5} 14. Qd2 Bb7 15. f3 e5 16. Bxc5 dxc5 17. Nd5 Bxd5 18. Bxd5 ({Of course not} 18. exd5 c4 19. d6 Qc6 $17) 18... Rd8 19. Rd1 O-O 20. Qe3 Rd6 (20... Nxd5 $15 21. exd5 Rd7) 21. f4 (21. c4 $1 $11 {keeps the balance.}) 21... Nxd5 $17 22. exd5 exf4 23. Qe4 f3 {[%emt 0:21:10] ...fxg2 is the strong threat.} 24. O-O (24. g3 $17) 24... fxg2 $19 25. Rf2 Qd7 26. c4 {[%emt 0:10:04] [#]} (26. b3 $142) 26... Re8 $1 27. Qd3 bxc4 28. Qxc4 Re5 29. Qxc5 $2 (29. Re2 Rxe2 30. Qxe2) 29... Rdxd5 {[%emt 0:01:31] Weighted Error Value: White=0.71/Black=0.12 (very precise)} 0-1

[Event "Chessable English Womens-ch 2022"]
[Site "Kenilwoth"]
[Date "2022.05.19"]
[Round "1.2"]
[White "Dicen, Elis Denele"]
[Black "Subramanian, Anusha"]
[Result "1/2-1/2"]
[ECO "A45"]
[WhiteElo "1635"]
[BlackElo "1671"]
[Annotator "NA COMBH"]
[PlyCount "94"]
[EventDate "2022.05.18"]
[EventType "swiss"]
[EventCountry "ENG"]
[SourceTitle "playchess.com"]
[Source "ChessBase"]
[SourceQuality "1"]
[TimeControl "5400+30"]

1. d4 Nf6 2. Bg5 Ne4 3. Bf4 d5 4. f3 Nf6 5. Nc3 c6 6. e4 dxe4 7. fxe4 Bg4 8. Be2 Bxe2 9. Ngxe2 e6 10. Qd3 a6 11. O-O-O b5 12. Qf3 Qa5 13. Bxb8 Rxb8 14. e5 Nd5 15. Rhf1 Rb7 16. Nxd5 cxd5 17. Qc3 Qxc3 18. Nxc3 Bb4 19. Rf3 Rc7 20. Ne2 O-O 21. Kb1 Rfc8 22. c3 Bf8 23. Rdf1 a5 24. g4 b4 25. h3 Rb8 26. Rc1 bxc3 27. Rfxc3 Rcb7 28. R1c2 g6 29. Ng1 Bb4 30. Rd3 a4 31. Kc1 Be7 32. Nf3 h6 33. Rdc3 Kg7 34. Rc6 Rb4 35. R6c3 R8b7 36. Rd3 Bd8 37. Rd1 Bb6 38. Rd3 Bd8 39. Rd1 Be7 40. Rd3 Bg5+ 41. Nxg5 hxg5 42. Rdd2 Rb8 43. Kd1 Rh8 44. Rc3 Rhb8 45. Rcc2 Rh8 46. Rd3 Rhb8 47. Kc1 R8b7 1/2-1/2

[Event "Chessable English Womens-ch 2022"]
[Site "Kenilwoth"]
[Date "2022.05.19"]
[Round "1.3"]
[White "Sengenberger, Sara"]
[Black "Pert, Nina"]
[Result "0-1"]
[ECO "B13"]
[WhiteElo "1435"]
[BlackElo "1620"]
[Annotator "NA COMBH"]
[PlyCount "90"]
[EventDate "2022.05.18"]
[EventType "swiss"]
[EventCountry "ENG"]
[SourceTitle "playchess.com"]
[Source "ChessBase"]
[SourceQuality "1"]
[TimeControl "5400+30"]

1. e4 c6 2. d4 d5 3. exd5 cxd5 4. Bd3 Nc6 5. c3 Qc7 6. Ne2 Bg4 7. Qb3 Bxe2 8. Bxe2 Nxd4 9. cxd4 Qxc1+ 10. Bd1 Qc6 11. O-O e6 12. Be2 a6 13. Nc3 Qd7 14. Rac1 Ne7 15. Bd3 Nc6 16. Rfe1 Be7 17. Ne2 O-O 18. a3 Bf6 19. Bc2 g6 20. Red1 Bg7 21. Qe3 Qd6 22. f4 Rac8 23. b4 Rc7 24. Ba4 b5 25. Bb3 Rfc8 26. Kf1 a5 27. Qd2 axb4 28. axb4 Qxb4 29. Qd3 Nxd4 30. Rxc7 Rxc7 31. Nxd4 Rc3 32. Qxb5 Qxb5+ 33. Nxb5 Rxb3 34. Nd4 Bxd4 35. Rxd4 Kf8 36. Ke2 Ke7 37. Ra4 Kf6 38. g4 Rb2+ 39. Kf3 Rxh2 40. Ra7 h6 41. g5+ hxg5 42. fxg5+ Kg7 43. Rd7 Rh3+ 44. Kf4 Rh4+ 45. Kg3 Ra4 0-1

[Event "Chessable English Womens-ch 2022"]
[Site "Kenilwoth"]
[Date "2022.05.19"]
[Round "1.4"]
[White "Gamal, Alaa"]
[Black "Oh, Julie"]
[Result "1-0"]
[ECO "A43"]
[WhiteElo "1651"]
[BlackElo "1373"]
[Annotator "NA COMBH"]
[PlyCount "133"]
[EventDate "2022.05.18"]
[EventType "swiss"]
[EventCountry "ENG"]
[SourceTitle "playchess.com"]
[Source "ChessBase"]
[SourceQuality "1"]
[TimeControl "5400+30"]

1. Nf3 e6 2. d4 c5 3. c4 Qc7 4. d5 d6 5. Nc3 a6 6. e4 e5 7. h3 Nf6 8. Bg5 Be7 9. Bxf6 Bxf6 10. Be2 O-O 11. O-O Bd8 12. Bd3 Qe7 13. Qc2 Nd7 14. Rab1 Nf6 15. Qb3 Nh5 16. Ne2 Qf6 17. Bc2 Qg6 18. Kh2 Bg5 19. g3 Nf6 20. Nxg5 Qxg5 21. Qf3 Qh6 22. Ng1 g5 23. g4 Nxg4+ 24. Kg2 Nf6 25. Ne2 g4 26. hxg4 Bxg4 27. Qg3 Qg7 28. f3 Bd7 29. Rh1 Qxg3+ 30. Nxg3 Kg7 31. b4 b5 32. bxc5 dxc5 33. cxb5 axb5 34. Rb2 c4 35. Ne2 Rfc8 36. Nc3 Rcb8 37. Rhb1 h5 38. a4 Ra5 39. axb5 h4 40. b6 h3+ 41. Kh2 Ra3 42. Nd1 Rxf3 43. Ba4 Bxa4 44. Ra1 Bxd1 45. Rxd1 Rb3 46. Rg1+ Kf8 47. Rc2 R8xb6 48. Rxc4 Rb8 49. Rg5 Ra3 50. Rg3 Rb2+ 51. Kxh3 Rxg3+ 52. Kxg3 Rd2 53. Kf3 Rd3+ 54. Kf2 Ke7 55. Rc7+ Kd6 56. Rc6+ Ke7 57. Rc7+ Kf8 58. Rc8+ Kg7 59. Rc4 Ng4+ 60. Ke2 Re3+ 61. Kd2 Rf3 62. d6 Rf6 63. Rc6 Nh6 64. d7 Rxc6 65. d8=Q Re6 66. Qg5+ Kh7 67. Ke3 1-0

[Event "Chessable English Womens-ch 2022"]
[Site "Kenilwoth"]
[Date "2022.05.19"]
[Round "2.1"]
[White "Yao, Lan"]
[Black "Gamal, Alaa"]
[Result "0-1"]
[ECO "B08"]
[WhiteElo "2276"]
[BlackElo "1651"]
[Annotator "TA"]
[PlyCount "164"]
[EventDate "2022.05.18"]
[EventType "swiss"]
[EventCountry "ENG"]
[SourceTitle "playchess.com"]
[Source "ChessBase"]
[SourceQuality "1"]
[TimeControl "5400+30"]

1. e4 d6 2. d4 Nf6 3. Nc3 g6 4. Nf3 Bg7 5. Be3 O-O 6. h3 Nbd7 7. Be2 {[%emt 0:00:13] B08: Pirc Defence: Classical System.} c5 8. e5 {[%emt 0:05:18] [#]} dxe5 $146 (8... Ne8 $1 $11) ({Predecessor:} 8... Ne8 9. e6 fxe6 10. dxc5 d5 11. Qd2 Qa5 12. Bd4 Bxd4 13. Qxd4 Qxc5 14. O-O-O Qxd4 15. Rxd4 {1-0 (36) Pretorius,W (1668)-Buthelezi,N (1574) Cape Town 2016}) 9. dxe5 $16 {[%emt 0:00:17] White is better.} Ne8 10. Bxc5 Nc7 $11 11. Ba3 b5 12. O-O (12. Nxb5 $2 Nxb5 13. Bb4 Rb8 $19) 12... Rb8 {[%emt 0:00:17] ...b4 is the strong threat.} 13. Qd4 {[%emt 0:04:13] [#]} (13. Nd4 $14 {keeps the upper hand.} Nxe5 14. Ndxb5 (14. Ncxb5 Nxb5 15. Nxb5 Ba6 $11) 14... Nxb5 15. Bxb5 (15. Nxb5 Ba6 $11)) 13... a5 $1 $17 14. b4 {[%emt 0:14:52] [#]} Nxe5 $1 15. Qxd8 (15. Qe3 Nxf3+) 15... Nxf3+ 16. Bxf3 Rxd8 17. Rad1 {[%emt 0:00:29] [#]} Rxd1 (17... Be6 $1 $17 18. Ne4 a4) 18. Nxd1 $15 a4 19. Bc1 e5 ({Black should play} 19... Ne6 $17 20. Be4 Nd4) 20. Be3 (20. Re1 $11) 20... Be6 $17 21. a3 f5 22. Ba7 Rf8 (22... Rd8 $17 {Strongly threatening ...e4.} 23. Bb7 Rd2) 23. Be2 $15 Rd8 24. Nc3 Rd2 25. Nxb5 Rxc2 26. Bd3 Rc6 {[%emt 0:00:34] White must now prevent ...e4.} 27. Bc5 e4 28. Be2 Bb3 29. Na7 Re6 30. b5 Nd5 {[%emt 0:05:18] Inhibits b6.} 31. Rc1 Bb2 32. Rb1 Be5 33. Bd1 ({Reject} 33. Nc6 Nc3 34. Re1 Nxe2+ 35. Rxe2 Bc4 $17) 33... Ba2 34. Bxa4 Bxb1 $17 {[%emt 0:00:14] 0x0.001ab44b0f44dp-1022s more active pieces.} 35. Bb3 {[%emt 0:00:01] Prevents Ba2.} Nf4 {[%emt 0:00:36][%cal Og8g7] aiming for ...Kg7!} 36. Nc6 $2 {[%emt 0:01:10] [#] Loses the game.} (36. Be3 $17 {was called for.} Kg7 37. Bxf4 Bxf4 38. Bxe6) 36... Kg7 $1 $19 {[%emt 0:01:04] Threatens to win with ...Re8.} 37. Bxe6 Nxe6 38. Ba7 (38. Bb4 Bc7 39. Ba5) 38... Bd6 39. a4 Bd3 40. b6 Ba6 41. Na5 (41. Bb8 $142 Bc5 42. Be5+ Kf7 43. Nb8) 41... Nc5 42. g3 Kf7 43. Kg2 Ke6 44. h4 Kd5 45. Kh3 h6 46. Kg2 g5 47. hxg5 hxg5 {[%emt 0:00:07] And now ...f4 would win.} 48. Kh3 f4 49. gxf4 gxf4 {[%emt 0:00:05] ( -> ...e3)} 50. Kg2 Be5 (50... f3+ $142 51. Kh3 e3 52. b7 exf2 53. Kh4 f1=Q 54. Bxc5 Qe1+ 55. Kh5 Qe5+ 56. Kh6 Qf6+ 57. Kh5 Bf4 58. Be7 Qxe7 59. Kg6 Bd3+ 60. Kh5 Qg5#) 51. b7 Nxb7 52. Nb3 f3+ 53. Kg1 Bc4 54. Nd2 Bd3 (54... Bd4 $142 55. Bxd4 Kxd4 56. Kh2 Bd3 57. Kg3 Kc3 58. Nxf3 exf3 59. Kxf3 Bc2 60. Kg4 Bxa4 61. Kh4 Kd4 62. Kh5 Ke5 63. Kg6 Nd6 64. Kh6 Kf6 65. Kh5 Bd1+ 66. f3 Bxf3+ 67. Kh6 Be4 68. Kh5 Bf5 69. Kh4 Nc4 70. Kg3 Kg5 71. Kf3 Bc2 72. Ke2 Kf4 73. Kf1 Bd1 74. Ke1 Bg4 75. Kf2 Nb2 76. Ke1 Ke3 77. Kf1 Nd3 78. Kg1 Kf3 79. Kh2 Kf2 80. Kh1 Ne5 81. Kh2 Nf3+ 82. Kh1 Nd2 83. Kh2 Nf1+ 84. Kh1 Bf3#) 55. Be3 Bc3 (55... Nc5 $142 56. a5 Bc3 57. Kh2 Bxa5 58. Kg3 Bb4 59. Nxf3 exf3 60. Kxf3 Ne6 61. Bb6 Bd2 62. Be3 Nd4+ 63. Kg4 Be1 64. Kf4 Nf5 65. Bb6 Bd2+ 66. Kg4 Nd4 67. Kh4 Ke4 68. Kh5 Be1 69. Kg6 Ke5+ 70. Kf7 Bxf2 71. Ke8 Ke6 72. Kf8 Bc4 73. Kg8 Ke5+ 74. Kh7 Bd3+ 75. Kg8 Bh4 76. Ba5 Nc6 77. Bc3+ Kf5 78. Kh7 Nd8 79. Kg7 Be2 80. Bd2 Ne6+ 81. Kh6 Be7 82. Kh7 Bd3 83. Be1 Kg5+ 84. Kg8 Kg6 85. Bc3 Ng5 86. Bg7 Be2 87. Kh8 Bc4 88. Bc3 Nf7+ 89. Kg8 Ne5+ 90. Kh8 Bf6#) 56. Kh2 Nc5 57. Kg3 Bxd2 58. Bxd2 Nxa4 59. Kf4 Nc5 60. Be3 Ne6+ 61. Kf5 Nd4+ 62. Kg4 Nc2 63. Bb6 Kc4 64. Kg3 Be2 65. Ba7 Kd3 66. Bb6 Bf1 67. Bc5 Bg2 68. Bb6 Nd4 69. Bc5 e3 70. fxe3 Kxe3 71. Bb6 Ke4 72. Kf2 Ne2 73. Bc5 Nf4 74. Bb6 Nh3+ 75. Kg3 Kd3 76. Ba7 Ke2 77. Bb6 Ng5 78. Ba7 Ne4+ 79. Kh2 Nc3 ({Weaker is} 79... f2 80. Bxf2 Kf3 81. Bb6 $11) 80. Kg3 Nd1 81. Bg1 Ne3 (81... Bh1 $142 82. Kf4 f2 83. Bxf2 Nxf2 84. Kg5 Nh3+ 85. Kh6 Be4 86. Kg7 Ke3 87. Kg8 Bd5+ 88. Kh7 Kd4 89. Kg7 Ke5 90. Kh6 Kf6 91. Kh7 Ng5+ 92. Kh8 Be4 93. Kg8 Ne6 94. Kh8 Nf8 95. Kg8 Ng6 96. Kh7 Bd5 97. Kh6 Bg8 98. Kh5 Ne5 99. Kh4 Kf5 100. Kg3 Ng4 101. Kf3 Bh7 102. Ke2 Ke5 103. Kd2 Kd4 104. Kc1 Kc3 105. Kd1 Be4 106. Kc1 Ne5 107. Kd1 Bc2+ 108. Ke2 Nf7 109. Ke3 Bd3 110. Kf4 Kd2 111. Kg3 Ke3 112. Kg4 Be4 113. Kh5 Kf4 114. Kh4 Bf3 115. Kh3 Nh6 116. Kh2 Ke3 117. Kg1 Ke2 118. Kh2 Kf2 119. Kh3 Nf5 120. Kh2 Bg4 121. Kh1 Ng3+ 122. Kh2 Nf1+ 123. Kh1 Bf3#) 82. Kh2 Nf1# {[%emt 0:00:59] Weighted Error Value: White=0.45/Black=0.16 (very precise)} 0-1

[Event "Chessable English Womens-ch 2022"]
[Site "Kenilwoth"]
[Date "2022.05.19"]
[Round "2.2"]
[White "Pert, Nina"]
[Black "Milewska, Agnieszka"]
[Result "1-0"]
[ECO "C50"]
[WhiteElo "1620"]
[BlackElo "1677"]
[Annotator "NA COMBH"]
[PlyCount "51"]
[EventDate "2022.05.18"]
[EventType "swiss"]
[EventCountry "ENG"]
[SourceTitle "playchess.com"]
[Source "ChessBase"]
[SourceQuality "1"]
[TimeControl "5400+30"]

1. e4 e5 2. Nf3 Nc6 3. Bc4 Nd4 4. Nxd4 exd4 5. d3 Bb4+ 6. c3 dxc3 7. bxc3 Bc5 8. Bxf7+ Kxf7 9. Qh5+ g6 10. Qxc5 Nf6 11. Bg5 d6 12. Qe3 Re8 13. O-O b6 14. f4 Qd7 15. f5 gxf5 16. Bxf6 Kxf6 17. Qh6+ Ke7 18. Qg5+ Kf7 19. Rxf5+ Qxf5 20. exf5 Bb7 21. Nd2 Rg8 22. Qh5+ Kf6 23. Qh6+ Kf7 24. Qe6+ Kg7 25. Ne4 Rae8 26. Qf6# 1-0

[Event "Chessable English Womens-ch 2022"]
[Site "Kenilwoth"]
[Date "2022.05.19"]
[Round "2.3"]
[White "Catabay, Mae Katelyn Rose"]
[Black "Dicen, Elis Denele"]
[Result "1-0"]
[ECO "C01"]
[WhiteElo "1321"]
[BlackElo "1635"]
[Annotator "NA RC COMBH"]
[PlyCount "139"]
[EventDate "2022.05.18"]
[EventType "swiss"]
[EventCountry "ENG"]
[SourceTitle "playchess.com"]
[Source "ChessBase"]
[SourceQuality "1"]
[TimeControl "5400+30"]

1. e4 e6 2. d4 d5 3. exd5 exd5 4. Nf3 Nf6 5. Bd3 Be7 6. O-O O-O 7. Nbd2 c5 8. b3 Nc6 9. Bb2 Nb4 10. dxc5 Nxd3 11. cxd3 Bxc5 12. Rc1 Bd6 13. Re1 Bf5 14. Nf1 Bf4 15. Ne3 Be6 16. Rc2 Ng4 17. Rce2 Qd6 18. g3 Bh6 19. Ng2 Bd7 20. Ne5 Nxe5 21. Rxe5 f6 22. Re7 Rfe8 23. Qe2 Kf8 24. Rxe8+ Rxe8 25. Qc2 Rxe1+ 26. Nxe1 Kg8 27. Bd4 b6 28. Qc3 Qe7 29. Nc2 Qd6 30. Ne3 Kf7 31. Kg2 g6 32. b4 Bf8 33. a3 Be7 34. Qb3 Be6 35. Qa4 Qc7 36. Qb5 Qb7 37. a4 Kf8 38. Kg1 Bd8 39. a5 a6 40. Qa4 b5 41. Qc2 Be7 42. Qc3 Kf7 43. Bc5 Qc8 44. d4 Bd8 45. Qb3 Qd7 46. Qd1 Bc7 47. Qf3 Kg7 48. Ng2 Bg4 49. Qe3 Bf5 50. Nf4 Bxf4 51. Qxf4 Qe8 52. Qc7+ Kg8 53. Be7 Qf7 54. Qd6 Kg7 55. Qd8 Bh3 56. f3 Bf5 57. Kf2 Bd3 58. Qd6 Bf5 59. g4 Be6 60. h3 h6 61. f4 f5 62. g5 Kh7 63. Bf6 Bd7 64. Qxa6 Qe8 65. Qd6 Bc6 66. Be5 Bd7 67. a6 Bc6 68. Qf6 Qg8 69. Qe7+ Qg7 70. Qxg7# 1-0

[Event "Chessable English Womens-ch 2022"]
[Site "Kenilwoth"]
[Date "2022.05.19"]
[Round "2.4"]
[White "Subramanian, Anusha"]
[Black "Sengenberger, Sara"]
[Result "1-0"]
[ECO "A38"]
[WhiteElo "1671"]
[BlackElo "1435"]
[Annotator "NA COMBH"]
[PlyCount "75"]
[EventDate "2022.05.18"]
[EventType "swiss"]
[EventCountry "ENG"]
[SourceTitle "playchess.com"]
[Source "ChessBase"]
[SourceQuality "1"]
[TimeControl "5400+30"]

1. c4 c5 2. Nc3 g6 3. g3 Bg7 4. Bg2 Nc6 5. Nf3 Nf6 6. d4 cxd4 7. Nxd4 Qb6 8. e3 O-O 9. O-O a6 10. b3 d6 11. Bb2 Nxd4 12. exd4 Bf5 13. Rc1 Bh6 14. Ra1 Rad8 15. d5 Nd7 16. g4 Be6 17. Na4 Qa7 18. dxe6 fxe6 19. Bd4 b6 20. Bc6 Nc5 21. Qe2 e5 22. Nxc5 bxc5 23. Bd5+ Kh8 24. Bc3 Qd7 25. Rad1 Bf4 26. Rd3 e6 27. Bg2 Qe7 28. Bd2 g5 29. Bxf4 gxf4 30. Rfd1 Rf6 31. Qd2 Qg7 32. h3 h5 33. f3 hxg4 34. hxg4 e4 35. Rxd6 Rxd6 36. Qxd6 e3 37. Qxc5 Rh6 38. Qc8+ 1-0

[Event "Chessable English Womens-ch 2022"]
[Site "Kenilwoth"]
[Date "2022.05.20"]
[Round "3.1"]
[White "Gamal, Alaa"]
[Black "Pert, Nina"]
[Result "1-0"]
[ECO "A99"]
[WhiteElo "1651"]
[BlackElo "1620"]
[Annotator "NA RC COMBH"]
[PlyCount "67"]
[EventDate "2022.05.18"]
[EventType "swiss"]
[EventCountry "ENG"]
[SourceTitle "playchess.com"]
[Source "ChessBase"]
[SourceQuality "1"]
[TimeControl "5400+30"]

1. d4 e6 2. c4 f5 3. g3 Nf6 4. Nf3 Be7 5. Bg2 O-O 6. O-O d6 7. b3 Qe8 8. Bb2 Qh5 9. Nc3 f4 10. gxf4 Ng4 11. e3 c6 12. Ne4 Qh6 13. h3 Nf6 14. Ng3 Nh5 15. Ba3 Nd7 16. Ne5 Ndf6 17. Nxh5 Nxh5 18. Ng4 Qg6 19. Kh2 Qf5 20. Rg1 Kh8 21. Ne5 c5 22. Ng4 Rb8 23. dxc5 dxc5 24. Bb2 Rd8 25. Qe2 Bd6 26. Rad1 Qf8 27. Ne5 Nf6 28. Bh1 Bd7 29. Rxd6 Be8 30. Rxd8 Rxd8 31. Rd1 Rb8 32. Qd2 Bh5 33. f3 Rc8 34. Nd7 1-0

[Event "Chessable English Womens-ch 2022"]
[Site "Kenilwoth"]
[Date "2022.05.20"]
[Round "3.2"]
[White "Yao, Lan"]
[Black "Subramanian, Anusha"]
[Result "1-0"]
[ECO "B15"]
[WhiteElo "2276"]
[BlackElo "1671"]
[Annotator "TA"]
[PlyCount "79"]
[EventDate "2022.05.18"]
[EventType "swiss"]
[EventCountry "ENG"]
[SourceTitle "playchess.com"]
[Source "ChessBase"]
[SourceQuality "1"]
[TimeControl "5400+30"]

1. e4 c6 2. d4 d5 3. Nd2 dxe4 4. Nxe4 Nf6 5. Nxf6+ exf6 6. c3 Bd6 7. Bd3 Na6 {[%emt 0:00:06] B15: Caro-Kann: 3 Nc3: 3...g6 and 3...dxe4 4 Nxe4 Nf6 5 Nxf6+ exf6.} 8. Ne2 O-O 9. Qc2 g6 {[%emt 0:01:17] White is slightly better.} 10. h4 Re8 11. h5 f5 12. Bd2 (12. hxg6 $16 hxg6 13. g4) 12... Be6 {[%emt 0:04:31] [#]} ({Black should try} 12... Nc7 $14) 13. O-O-O $146 {[%emt 0:05:25] Hoping for hxg6.} ({Predecessor:} 13. hxg6 hxg6 14. O-O-O Qf6 15. Kb1 b5 16. Rh6 Bf8 17. Rh3 Bg7 18. Rdh1 Nc7 19. Bf4 {1-0 (61) Wosch,A (2256)-Markus,R (2197) LSS email 2011}) 13... b5 $2 (13... Bxa2 14. hxg6 hxg6 15. g4) (13... Qf6 $16 {was called for.}) 14. g4 {[%emt 0:07:32] Threatens to win with hxg6.} Bd5 $2 (14... fxg4 $2 15. hxg6 hxg6 16. Bxg6 $1 $18 ) (14... g5) 15. hxg6 $18 Bxh1 $2 (15... hxg6 16. gxf5 Bxh1) 16. gxf7+ Kxf7 17. Rxh1 Rh8 18. Bxf5 {[%emt 0:04:27] aiming for Qb3+.} Be7 {[%emt 0:09:08] [#]} 19. Be6+ $1 {[%emt 0:03:14][%mdl 512] A strong pair of Bishops.} Ke8 20. Rxh7 Rg8 21. Bxg8 (21. Bf4 $142 Bg5 22. Bf7+ Kf8 23. Bxg8 Qf6 24. Rf7+ Qxf7 25. Bxf7 Kxf7 26. Bxg5) 21... Qd7 22. Qg6+ Kd8 23. Be6 Qe8 24. Bf7 Qd7 25. Rh8+ (25. Bf4 $142 Bd6 26. Bxd6 Kc8 27. Be6 Kb7 28. Rxd7+ Nc7 29. Rxc7+ Kb6 30. Qe4 c5 31. Qxa8 a6 32. Rc6+ Ka5 33. Rxa6#) 25... Kc7 26. Rxa8 Kb7 27. Rh8 (27. Be6 $142 Qd6 28. Bf4 Kb6 29. Bxd6 Bxd6 30. Bc8 Bh2 31. b4 Bc7 32. Bxa6 Bg3 {[#]} 33. d5 $1 Bf4+ 34. Nxf4 Kxa6 35. Qxc6#) 27... Nc7 28. Rh7 a5 29. Qe4 {[%emt 0:00:56] Bb3 would kill now.} Bd6 30. Be8 {[%emt 0:01:14] White mates.} Qd8 31. Qxc6+ Kb8 32. Rd7 Qc8 33. Qxd6 Qb7 34. Rd8+ Ka7 35. Bc6 Qb6 36. Qd7 Qxc6 37. Qxc6 b4 38. Qxc7+ Ka6 39. Rd6+ Kb5 40. Qc6# {[%emt 0:00:03] Black did not feel at home in the position after the opening.  Weighted Error Value: White=0.13 (very precise) /Black=1.46} 1-0

[Event "Chessable English Womens-ch 2022"]
[Site "Kenilwoth"]
[Date "2022.05.20"]
[Round "3.3"]
[White "Milewska, Agnieszka"]
[Black "Catabay, Mae Katelyn Rose"]
[Result "1/2-1/2"]
[ECO "D94"]
[WhiteElo "1677"]
[BlackElo "1321"]
[Annotator "NA RC COMBH"]
[PlyCount "198"]
[EventDate "2022.05.18"]
[EventType "swiss"]
[EventCountry "ENG"]
[SourceTitle "playchess.com"]
[Source "ChessBase"]
[SourceQuality "1"]
[TimeControl "5400+30"]

1. d4 Nf6 2. c4 g6 3. Nc3 d5 4. e3 Bg7 5. Nf3 O-O 6. cxd5 Nxd5 7. Bc4 e6 8. O-O b6 9. e4 Nxc3 10. bxc3 Bb7 11. e5 Nc6 12. Bg5 Qd7 13. Qc1 Ne7 14. Bxe7 Qxe7 15. Qe3 Rac8 16. Bb3 c5 17. Ng5 h6 18. Ne4 Bxe4 19. Qxe4 c4 20. Bc2 b5 21. h4 h5 22. a4 b4 23. cxb4 Qxb4 24. Rab1 Qc3 25. Rb7 Rb8 26. Rfb1 Rxb7 27. Rxb7 Rd8 28. Qf4 Rf8 29. Qe4 Bh6 30. Rxa7 Bf4 31. Qxf4 Qxc2 32. a5 c3 33. Rc7 Qd2 34. Qe3 Ra8 35. Qxc3 Qxc3 36. Rxc3 Rxa5 37. Rc8+ Kg7 38. Rd8 Ra2 39. g3 Ra5 40. Kg2 Ra3 41. d5 exd5 42. Rxd5 Kf8 43. f4 Ke7 44. Rb5 Rc3 45. Rb7+ Ke6 46. Rb6+ Ke7 47. Rb2 Ke6 48. Rf2 Kf5 49. Rf3 Rc2+ 50. Kh3 Rd2 51. Rb3 Rd7 52. Rb6 Ke4 53. e6 fxe6 54. Rxe6+ Kf5 55. Re5+ Kf6 56. Kg2 Rd3 57. Kf2 Rc3 58. Rg5 Rb3 59. f5 Rb2+ 60. Kf3 Rb3+ 61. Kg2 Rb2+ 62. Kh3 gxf5 63. Rxh5 Rb4 64. Rh6+ Kg7 65. Rc6 Rb3 66. Kg2 Rd3 67. h5 Rb3 68. h6+ Kf7 69. h7 Rb8 70. Kf3 Kg7 71. Rc7+ Kg6 72. Kf4 Rb4+ 73. Kf3 Rb8 74. Rb7 Rh8 75. Kf4 Re8 76. Rb6+ Kxh7 77. Kxf5 Re7 78. g4 Kg7 79. Rb5 Kf7 80. g5 Rc7 81. Rb6 Rc5+ 82. Kg4 Rc1 83. Rf6+ Kg7 84. Rf4 Rg1+ 85. Kf5 Rb1 86. Kg4 Rg1+ 87. Kh5 Rh1+ 88. Rh4 Rxh4+ 89. Kxh4 Kg6 90. Kg4 Kg7 91. Kf4 Kg6 92. Kg4 Kg7 93. Kf5 Kf7 94. g6+ Kg7 95. Kg5 Kg8 96. Kh6 Kh8 97. Kh5 Kg7 98. Kg5 Kg8 99. Kf6 Kf8 1/2-1/2

[Event "Chessable English Womens-ch 2022"]
[Site "Kenilwoth"]
[Date "2022.05.20"]
[Round "3.4"]
[White "Dicen, Elis Denele"]
[Black "Oh, Julie"]
[Result "1/2-1/2"]
[ECO "A43"]
[WhiteElo "1635"]
[BlackElo "1373"]
[Annotator "NA RC COMBH"]
[PlyCount "82"]
[EventDate "2022.05.18"]
[EventType "swiss"]
[EventCountry "ENG"]
[SourceTitle "playchess.com"]
[Source "ChessBase"]
[SourceQuality "1"]
[TimeControl "5400+30"]

1. d4 e6 2. Nf3 c5 3. e3 Nc6 4. b3 a6 5. Bb2 b5 6. Nbd2 cxd4 7. exd4 Nge7 8. Bd3 Ng6 9. Bxg6 hxg6 10. Qe2 d5 11. a3 Bb7 12. Ne5 Nxe5 13. dxe5 Bc5 14. Nf3 Qc7 15. O-O Qe7 16. Rfd1 g5 17. b4 Ba7 18. Bd4 g4 19. Ne1 Qh4 20. Qe3 Bxd4 21. Rxd4 Qxh2+ 22. Kf1 Rc8 23. Rxg4 Rc4 24. Rxc4 dxc4 25. Rd1 Qh1+ 26. Ke2 Qh5+ 27. f3 Bd5 28. Rd4 Qh6 29. Rf4 Qg5 30. Rg4 Qxe3+ 31. Kxe3 g6 32. f4 Ke7 33. Kf2 Rh5 34. c3 Be4 35. Ke3 Bd5 36. Rg3 Rh1 37. Ke2 Rh4 38. Ke3 Rh1 39. Kf2 Rh4 40. Ke3 Rh1 41. Kf2 Rh4 1/2-1/2

[Event "Chessable English Womens-ch 2022"]
[Site "Kenilwoth"]
[Date "2022.05.20"]
[Round "3.5"]
[White "Sengenberger, Sara"]
[Black "Mohan, Meghana"]
[Result "1-0"]
[ECO "B77"]
[WhiteElo "1435"]
[BlackElo "1613"]
[Annotator "NA RC COMBH"]
[PlyCount "77"]
[EventDate "2022.05.18"]
[EventType "swiss"]
[EventCountry "ENG"]
[SourceTitle "playchess.com"]
[Source "ChessBase"]
[SourceQuality "1"]
[TimeControl "5400+30"]

1. e4 c5 2. Nf3 Nc6 3. d4 cxd4 4. Nxd4 g6 5. Nc3 Bg7 6. Be3 Nf6 7. Bc4 O-O 8. Bb3 d6 9. f3 Qa5 10. Qd2 Bd7 11. O-O-O Qc7 12. h4 Nxd4 13. Bxd4 a5 14. Na4 Bxa4 15. Bxa4 Rfb8 16. Bb5 a4 17. a3 Ra5 18. Qb4 Rba8 19. Rd3 Nd7 20. Bxg7 Kxg7 21. Bxd7 Qxd7 22. Rc3 Rb5 23. Qd4+ f6 24. Rc4 Rba5 25. Rb4 b5 26. h5 Qc7 27. hxg6 hxg6 28. e5 dxe5 29. Qh4 Kf7 30. Qh7+ Ke6 31. Qxg6 Qc5 32. Rbh4 Rc8 33. Rd1 Qe3+ 34. Kb1 Qg5 35. Qe4 Qxg2 36. Qd5+ Kf5 37. Qe4+ Ke6 38. Rh5 Ra7 39. Qd5# 1-0

[Event "Chessable English Womens-ch 2022"]
[Site "Kenilwoth"]
[Date "2022.05.20"]
[Round "4.1"]
[White "Subramanian, Anusha"]
[Black "Gamal, Alaa"]
[Result "1/2-1/2"]
[ECO "E61"]
[WhiteElo "1671"]
[BlackElo "1651"]
[Annotator "NA RC COMBH"]
[PlyCount "185"]
[EventDate "2022.05.18"]
[EventType "swiss"]
[EventCountry "ENG"]
[SourceTitle "playchess.com"]
[Source "ChessBase"]
[SourceQuality "1"]
[TimeControl "5400+30"]

1. d4 Nf6 2. Nf3 g6 3. c4 Bg7 4. Nc3 d6 5. e3 O-O 6. Bd3 c5 7. O-O Bg4 8. h3 Bxf3 9. Qxf3 Nc6 10. d5 Ne5 11. Qe2 Rb8 12. Bd2 Nxd3 13. Qxd3 a6 14. a4 Ne8 15. Rab1 Qc7 16. Rfc1 Nf6 17. Ne4 Nxe4 18. Qxe4 b5 19. axb5 axb5 20. b4 bxc4 21. Qxc4 Qa7 22. bxc5 Rxb1 23. Rxb1 dxc5 24. Rc1 Rc8 25. Qb5 Qa2 26. Qb7 Rd8 27. Be1 Qa3 28. Qxe7 Rxd5 29. Qe8+ Bf8 30. Rb1 Kg7 31. e4 Rd3 32. e5 Qa7 33. Rb8 Qe7 34. Qxe7 Bxe7 35. Rb7 Kf8 36. Rc7 Rd1 37. Kf1 Ke8 38. Ke2 Rb1 39. Bc3 Rc1 40. Bd2 Rc2 41. Kd3 Ra2 42. Be3 Ra5 43. Kc4 Ra4+ 44. Kd5 Kd8 45. Rc6 Kd7 46. Bxc5 Bxc5 47. Rxc5 Ra2 48. g4 Rxf2 49. Ra5 Rh2 50. Ra7+ Ke8 51. Ra3 Rd2+ 52. Ke4 Ke7 53. Kf4 Re2 54. Ra5 h6 55. Ra7+ Ke6 56. Ra6+ Kd5 57. Rd6+ Kc5 58. Rd7 g5+ 59. Kf3 Rxe5 60. Rxf7 Re6 61. Rd7 Kc4 62. Rc7+ Kd3 63. Rd7+ Kc2 64. Kg3 Re3+ 65. Kg2 Re6 66. Kg3 Kc3 67. Kf3 Kc4 68. Kf2 Kc5 69. Kf3 Rf6+ 70. Ke4 Rf4+ 71. Ke3 Ra4 72. Kf3 Ra3+ 73. Kg2 Ra6 74. Kg3 Kc6 75. Rf7 Kd5 76. Rd7+ Ke5 77. Re7+ Kd4 78. Rd7+ Ke3 79. Re7+ Kd2 80. Rd7+ Ke1 81. Kf3 Ra3+ 82. Kg2 Ra2+ 83. Kg3 Ra3+ 84. Kg2 Ra2+ 85. Kg3 Ra6 86. Rd8 Re6 87. Rd3 Ke2 88. Rd5 Re3+ 89. Kg2 Re6 90. Rd7 Ke1 91. Rf7 Re2+ 92. Kg3 Re6 93. Kg2 1/2-1/2